 Dungeon Crawl Stone Soup version 0.24.0-123-gd5b16e6ec5 (webtiles) character file.

Game seed: 8806425485356639750, levelgen mode: deterministic

11 Descartes the Charlatan (level 2, 0/14 HPs)
             Began as a Spriggan Wanderer on Jan 18, 2020.
             Slain by a hobgoblin
             ... wielding a +0 club
              (3 damage)
             ... on level 1 of the Dungeon.
             The game lasted 00:01:04 (757 turns).

Descartes the Charlatan (Spriggan Wanderer)          Turns: 757, Time: 00:01:05

Health: 0/14       AC:  2    Str:  7    XL:     2   Next: 13%
Magic:  5/5        EV: 17    Int: 13    God:
Gold:   34         SH:  0    Dex: 16    Spells: 3/4 levels left

rFire    . . .     SeeInvis +   a - +2 short sword
rCold    . . .     Gourm    .   (shield restricted)
rNeg     . . .     Faith    .   d - +0 robe
rPois    .         Spirit   .   (helmet restricted)
rElec    .         Reflect  .   (no cloak)
rCorr    .         Harm     .   (gloves unavailable)
MR       .....                  (boots unavailable)
Stlth    ++........             (no amulet)
HPRegen  0.04/turn              (no ring)
MPRegen  0.09/turn              (no ring)

@: very quick
A: very small, unfitting armour, see invisible, herbivore, speed 3, slow
metabolism 2
a: no special abilities


You were on level 1 of the Dungeon.
You were not hungry.

You visited 1 branch of the dungeon, and saw 1 of its levels.

You collected 34 gold pieces.

Inventory:

Hand Weapons
 a - a +2 short sword (weapon)
Missiles
 i - a stone (quivered)
 j - 8 silver boomerangs
 l - 5 boomerangs
Armour
 d - a +0 robe (worn)
Jewellery
 h - an uncursed ring of magical power {unknown}
Scrolls
 c - 2 scrolls of identify {unknown}
 g - 3 scrolls of remove curse {unknown}
Potions
 b - a potion of lignification
 e - 2 potions of curing {unknown}
 k - a potion of might {unknown}
Comestibles
 f - 2 rations


   Skills:
 + Level 1.1 Fighting
 + Level 2.3 Short Blades
 + Level 2.0 Dodging
 + Level 1.9 Stealth
 + Level 1.7 Spellcasting
   Level 1.0 Summonings
 + Level 0.4 Necromancy
   Level 1.5 Translocations
   Level 2.6 Evocations


You had 3 spell levels left.
You knew the following spells:

 Your Spells              Type           Power        Failure   Level  Hunger
a - Pain                  Necr           #...         22%         1    ##.....

Your spell library contained the following spells:

 Spells                   Type           Power        Failure   Level  Hunger
 Regeneration             Chrm/Necr      #.........   56%         3    ####...


Dungeon Overview and Level Annotations

Branches:
Dungeon (1/15)

Altars:


Innate Abilities, Weirdness & Mutations

You are very small and have problems with some larger weapons.
You are too small for most types of armour.
You have supernaturally acute eyesight. (SInv)
You are a herbivore.
You cover ground extremely quickly.
You need to consume almost no food.


Message History

The hobgoblin is lightly wounded.
The giant cockroach bites you. The hobgoblin barely misses you.
You hit the hobgoblin.
The hobgoblin is severely wounded.
The hobgoblin hits you with a +0 club. The giant cockroach misses you.
The hobgoblin hits you.
You are too injured to fight recklessly!
You are too injured to fight recklessly!
You are too injured to fight recklessly!
You are too injured to fight recklessly!
You hit the hobgoblin but do no damage.
The hobgoblin is severely wounded.
The giant cockroach bites you but does no damage.
The hobgoblin hits you with a +0 club.
* * * LOW HITPOINT WARNING * * *
The hobgoblin misses you.
You barely miss the hobgoblin.
The hobgoblin is severely wounded.
The giant cockroach barely misses you. The hobgoblin hits you with a +0 club.
You die...

#. ######### #. #.....).#
####.######....$..#
#........##.......#
#........##.......#
#.................# #......
#......[....gs....# #......
#...........@g....# #......
########.#............# ###......
........................ ........
.......#............#######......
.......###....###......(.........
.................................
..............###..........#.##..
..............# ##.########..###
...........#### #.# #..........


You could see a giant cockroach and 2 hobgoblins.

Vanquished Creatures
  A leopard gecko (D:1)
  A giant cockroach (D:1)
  2 goblins (D:1)
  2 kobolds (D:1)
  A ball python (D:1)
  2 bats (D:1)
9 creatures vanquished.

Notes
Turn   | Place    | Note
-------+----------+-------------------------------------------
     0 | D:1      | Descartes the Spriggan Wanderer began the quest for the
                  | Orb.
     0 | D:1      | Descartes set off with the following items: a +2 short
                  | sword, a potion of lignification, a +0 robe, a ration; and
                  | the following spell memorised: Pain; and the following
                  | spells available to memorise: Regeneration
     0 | D:1      | Reached XP level 1. HP: 10/10 MP: 3/3
   532 | D:1      | Reached XP level 2. HP: 14/14 MP: 5/5
   757 | D:1      | Slain by a hobgoblin

Levels and vault maps discovered:
D:1:      psy_arrival_terrarium, layout_basic

Skill      XL: |  1 |
---------------+----+-----
Dodging        | 2 |  2.0
Fighting       | |  1.1
Short Blades   | |  2.3
Stealth        | |  1.9
Spellcasting   | |  1.7
Summonings     | |  1.0
Necromancy     | |  0.4
Translocations | |  1.5
Evocations     | |  2.6

Action                   || total
-------------------------++-------
Melee: Short sword       ||    32
 Cast: Pain              ||     2
 Stab: Sleeping          ||     2
Armor: Robe              ||     1
Dodge: Dodged            ||    33
